 Dungeon Crawl Stone Soup version 0.22.1-1-ga44c0e56f4 (webtiles) character file.

3395 Americanboy the Geomancer (level 10, 0/53 HPs)
             Began as a Gargoyle Earth Elementalist on Oct 20, 2018.
             Was a Believer of Vehumet.
             Shot with an arrow by a centaur warrior (22 damage)
             ... on level 8 of the Dungeon.
             The game lasted 00:15:27 (6513 turns).

Americanboy the Geomancer (GrEE)                    Turns: 6513, Time: 00:15:27

Health: 0/53       AC: 13    Str: 13    XL:     10   Next: 4%
Magic:  2/22       EV: 13    Int: 18    God:    Vehumet [**....]
Gold:   242        SH:  0    Dex: 10    Spells: 17/26 levels left

rFire    . . .     SeeInvis +   e - +1 hand axe
rCold    . . .     Gourm    .   (no shield)
rNeg     + + .     Faith    .   c - +1 robe
rPois    ∞         Spirit   .   (no helmet)
rElec    +         Reflect  .   (no cloak)
rCorr    .         Harm     .   (no gloves)
MR       .....                  v - +2 pair of boots
Stlth    ++........             (no amulet)
HPRegen  0.17/turn              h - ring of see invisible
MPRegen  0.18/turn              o - ring of positive energy

@: no status effects
A: negative energy resistance 1, electricity resistance, unbreathing,
petrification resistance, rot immunity, AC +7
a: Renounce Religion


You were on level 8 of the Dungeon.
You worshipped Vehumet.
Vehumet was pleased with you.
You were very hungry.

You visited 1 branch of the dungeon, and saw 8 of its levels.
You also visited: Ossuary.

You collected 357 gold pieces.
You spent 115 gold pieces at shops.

Inventory:

Hand Weapons
 e - a +1 hand axe (weapon)
Missiles
 b - 72 stones (quivered)
Armour
 c - a +1 robe (worn)
 v - a +2 pair of boots (worn)
Jewellery
 h - a ring of see invisible (left hand)
 o - a ring of positive energy (right hand)
Scrolls
 a - 5 scrolls of magic mapping
 f - 7 scrolls of remove curse
 i - 2 scrolls of fear
 k - a scroll of enchant weapon
 n - 2 scrolls of amnesia
 s - 3 scrolls of enchant armour
 x - a scroll of fog
Potions
 g - 3 potions of flight
 j - 6 potions of brilliance
 l - 3 potions of curing
 m - a potion of cancellation
 p - a potion of resistance {unknown}
 q - 2 potions of might
 t - 3 potions of heal wounds
 u - a potion of invisibility {unknown}
 z - a potion of agility {unknown}
Comestibles
 d - 10 rations


   Skills:
 + Level 2.0 Fighting
 + Level 3.4 Axes
 + Level 3.2 Dodging
 + Level 2.9 Stealth
 + Level 8.6 Spellcasting
 + Level 1.3 Conjurations
   Level 0.7 Transmutations
 + Level 10.7 Earth Magic


You had 17 spell levels left.
You knew the following spells:

 Your Spells              Type           Power        Failure   Level  Hunger
a - Sandblast             Erth           #####.       1%          1    None
d - Lee's Rapid Deconstr  Erth           #####.....   3%          5    #####..
e - Stone Arrow           Conj/Erth      ####..       2%          3    None

Your spell library contained the following spells:

 Spells                   Type           Power        Failure   Level  Hunger
 Flame Tongue             Conj/Fire      ##...        7%          1    None
 Passwall                 Tmut/Erth      ####....     1%          2    None
 Petrify                  Tmut/Erth      ####....     9%          4    ###....
 Animate Skeleton         Necr           N/A          10%         1    None
 Apportation              Tloc           #.....       10%         1    None
 Confusing Touch          Hex            #.....       10%         1    None
 Summon Small Mammal      Summ           #...         10%         1    None


Dungeon Overview and Level Annotations

Branches:
Dungeon (8/15)             Temple (0/1) D:6
   Lair: D:8-11

Altars:
Ashenzari
Gozag
Hepliaklqana
Makhleb
Nemelex Xobeh
Okawaru
Uskayaw
Vehumet
The Shining One

Shops:
D:4 *   D:6 }


Innate Abilities, Weirdness & Mutations

You are resistant to torment.
Your stone body is resilient. (AC +7)
You are immune to poison.
You resist negative energy. (rN+)
You are resistant to electric shocks. (rElec)
You can survive without breathing.
You are immune to petrification.
You are immune to rotting.


Message History

Vehumet accepts your kill.
You feel your power returning.
The blast of rock fragments hits the killer bee.
You kill the killer bee!
Vehumet accepts your kill.
Your Conjurations skill increases to level 1!
You are feeling very hungry.
You hear a shout!
The centaur warrior wields a longbow.
The centaur warrior shoots an arrow.
The arrow hits you!
An orc comes into view. It is wielding a club.
The cyclops throws a large rock.
The large rock hits you!!
* * * LOW HITPOINT WARNING * * *
Unknown command.
You feel better.
The centaur warrior shoots an arrow.
The arrow hits you!
* * * LOW HITPOINT WARNING * * *
You feel better.
Your surroundings seem slightly different.
The centaur warrior shoots an arrow.
The arrow hits you!!
You die...

.#.............#.)......
....8.......8.#........
#............#....##..
#.8.......8.#....##..
#.c...).....#....##..
#.8..._...8.#....#...
#.§..###....#....#...
#†#..............'...
#†##@............##'# ..
#########.....##.. ...
#.######.. ...o ### #...
....C #... ...... #...
#######... #.........
#......#..


You could see a centaur warrior.

Vanquished Creatures
  A hungry ghost (D:7)
  4 ice beasts
  An orc warrior (D:6)
  2 phantoms
  A necrophage (D:5)
  A centaur (D:8)
  4 ogres
  A big kobold (D:7)
  4 bullfrogs
  A water moccasin zombie (Ossuary)
  3 scorpions
  6 killer bees (D:8)
  2 howler monkeys (D:7)
  7 bullfrog zombies
  2 centaur zombies
  A jelly (D:5)
  A bullfrog skeleton (D:7)
  4 hounds
  3 orc priests
  An iguana (D:7)
  3 worker ants
  3 hound zombies (Ossuary)
  3 hound skeletons
  10 mummies (Ossuary)
  A howler monkey zombie (Ossuary)
  2 worker ant zombies (Ossuary)
  A gnoll (D:1)
  12 adders
  2 shadow imps
  An ooze (D:7)
  An adder skeleton (D:4)
  An adder zombie (Ossuary)
  3 worms
  2 dart slugs
  7 leopard geckos
  16 orcs
  6 giant cockroaches
  9 goblins
  11 hobgoblins
  6 jackals
  3 quokkas
  8 bats
  5 frilled lizards
  A jackal skeleton (D:4)
  2 jackal zombies (Ossuary)
  11 kobolds
  A leopard gecko zombie (Ossuary)
  8 rats
189 creatures vanquished.

Vanquished Creatures (others)
  3 withered plants (Ossuary)
3 creatures vanquished.

Grand Total: 192 creatures vanquished

Notes
Turn   | Place    | Note
-------+----------+-------------------------------------------
     0 | D:1      | Americanboy the Gargoyle Earth Elementalist began the quest
                  | for the Orb.
     0 | D:1      | Reached XP level 1. HP: 10/10 MP: 3/3
    55 | D:1      | Reached skill level 4 in Earth Magic
    68 | D:1      | Reached XP level 2. HP: 12/15 MP: 1/5
   223 | D:1      | Reached XP level 3. HP: 10/19 MP: 1/6
   458 | D:1      | Learned a level 3 spell: Stone Arrow
   996 | D:2      | Found a shattered altar of Ashenzari.
  1220 | D:2      | Reached XP level 4. HP: 24/24 MP: 4/7
  1613 | D:2      | Reached skill level 5 in Earth Magic
  2280 | D:3      | Reached XP level 5. HP: 28/28 MP: 6/9
  2287 | D:3      | Learned a level 5 spell: Lee's Rapid Deconstruction
  2952 | D:4      | Reached skill level 1 in Axes
  2960 | D:4      | Noticed a phantom
  3127 | D:4      | Killed a phantom
  3127 | D:4      | Reached skill level 6 in Earth Magic
  3127 | D:4      | Reached XP level 6. HP: 29/33 MP: 1/11
  3160 | D:4      | Reached skill level 1 in Fighting
  3267 | D:4      | Found Efitiy's General Store.
  3270 | D:4      | Bought 21 stones for 21 gold pieces
  3270 | D:4      | Bought 24 stones for 24 gold pieces
  3270 | D:4      | Bought 20 stones for 20 gold pieces
  3270 | D:4      | Bought 20 stones for 20 gold pieces
  3270 | D:4      | Bought a scroll of teleportation for 30 gold pieces
  3489 | D:4      | Reached XP level 7. HP: 38/38 MP: 9/13
  3676 | D:5      | Entered Level 5 of the Dungeon
  3817 | D:5      | Found an iron altar of Okawaru.
  3843 | D:5      | Reached skill level 7 in Earth Magic
  4020 | D:5      | Found a burning altar of Makhleb.
  4206 | D:5      | Reached skill level 5 in Spellcasting
  4341 | D:6      | Found a radiant altar of Vehumet.
  4344 | D:6      | Found a sparkling altar of Nemelex Xobeh.
  4349 | D:6      | Became a worshipper of Vehumet
  4366 | D:6      | Found a staircase to the Ecumenical Temple.
  4383 | D:6      | Reached XP level 8. HP: 29/43 MP: 4/16
  4482 | D:6      | Found Qaugiq's Gadget Emporium.
  4563 | D:6      | Found an opulent altar of Gozag.
  4700 | D:6      | Found a glowing golden altar of the Shining One.
  4765 | D:6      | Found a hazy altar of Hepliaklqana.
  4935 | D:7      | Reached skill level 8 in Earth Magic
  5076 | D:7      | Reached * piety under Vehumet
  5076 | D:7      | Offered knowledge of Shock by Vehumet.
  5086 | D:7      | Reached skill level 9 in Earth Magic
  5086 | D:7      | Reached XP level 9. HP: 29/48 MP: 0/19
  5136 | D:7      | Found a sand-covered staircase.
  5147 | Ossuary  | Entered an ossuary
  5761 | D:7      | Reached ** piety under Vehumet
  5763 | D:7      | Offered knowledge of Flame Tongue by Vehumet.
  6028 | D:7      | Reached skill level 10 in Earth Magic
  6395 | D:8      | Found a radiant altar of Vehumet.
  6491 | D:8      | Found a hide-covered altar of Uskayaw.
  6508 | D:8      | Reached XP level 10. HP: 45/53 MP: 5/22
  6509 | D:8      | Noticed a centaur warrior
  6509 | D:8      | Noticed a cyclops
  6511 | D:8      | Reached skill level 1 in Conjurations
  6513 | D:8      | Shot with an arrow by a centaur warrior

Skill      XL: |  1  2  3  4  5  6  7  8  9 10 |
---------------+-------------------------------+-----
Earth Magic    | 4 5 6 7 9 10 | 10.7
Dodging        | 2 3 |  3.2
Spellcasting   | 3 4 5 7 8 |  8.6
Axes           | 1 2 3 |  3.4
Fighting       | 1 2 |  2.0
Conjurations   | 1 |  1.3
Stealth        | |  2.9
Transmutations | |  0.7

Action                   |  1- 3 |  4- 6 |  7- 9 | 10-12 || total
-------------------------+-------+-------+-------+-------++-------
Melee: Unarmed           |     7 |       |       |       ||     7
       Hand axe          |    37 |    52 |    50 |       ||   139
 Cast: Sandblast         |    48 |    61 |   188 |       ||   297
       Stone Arrow       |       |    11 |    14 |       ||    25
       Lee's Rapid Decon |       |       |     4 |     2 ||     6
  Use: Scroll            |       |       |    17 |     1 ||    18
       Potion            |       |       |     2 |     2 ||     4
  Eat: Chunk             |     1 |     5 |     8 |       ||    14
       Ration            |       |     1 |     2 |       ||     3
Armor: Robe              |    29 |    35 |    57 |       ||   121
Dodge: Dodged            |    49 |    60 |    85 |     2 ||   196
